 Dungeon Crawl Stone Soup version 0.19.4-8-ga85b6b9 (webtiles) character file.

287 LORDOFBUTT the Shield-Bearer (level 6, -1/37 HPs)
             Began as a Gargoyle Fighter on Feb 12, 2017.
             Killed from afar by Natasha (5 damage)
             ... with a magic dart
             ... on level 3 of the Dungeon.
             The game lasted 00:02:50 (2232 turns).

LORDOFBUTT the Shield-Bearer (Gargoyle Fighter)     Turns: 2232, Time: 00:02:50

Health: -1/37      AC: 15    Str: 21    XL:     6   Next: 30%
Magic:  6/6        EV:  8    Int:  8    God:
Gold:   36         SH: 10    Dex: 10    Spells: 0 memorised, 5 levels left

rFire  . . .     SeeInvis .     a - +0 flail
rCold  . . .     Gourm    .     p - +4 ring mail
rNeg   + . .     Faith    .     c - +0 shield
rPois  ∞         Spirit   .     t - +0 helmet
rElec  +         Reflect  .     (no cloak)
rCorr  .         Harm     .     (no gloves)
MR     .....                    (no boots)
Stlth  ..........               (no amulet)
                                (no ring)
                                (no ring)

@: very slightly contaminated, invisible
A: negative energy resistance 1, electricity resistance, unbreathing,
petrification resistance, rot immunity, AC +4
a: no special abilities


You were on level 3 of the Dungeon.
You were not hungry.

You visited 1 branch of the dungeon, and saw 3 of its levels.

You collected 36 gold pieces.

Inventory:

Hand Weapons
 a - a +0 flail (weapon)
Armour
 c - a +0 shield (worn)
 p - a +4 ring mail (worn)
 t - a +0 helmet (worn)
Jewellery
 k - an uncursed amulet of harm
Scrolls
 e - 2 scrolls of remove curse
 h - a scroll of blinking {unknown}
 l - a scroll of identify {unknown}
 r - a scroll of immolation {unknown}
 s - a scroll of noise {unknown}
Potions
 b - a potion of agility {unknown}
 d - 2 potions of flight {unknown}
 g - a potion of curing {unknown}
 m - a potion of lignification {unknown}
 n - a potion of resistance
 q - a potion of ambrosia {unknown}
Comestibles
 f - 4 bread rations
 i - 4 meat rations
 j - a royal jelly


   Skills:
 - Level 3.2 Fighting
 + Level 4.7 Maces & Flails
 - Level 3.2 Armour
 + Level 5.8 Shields


You had 5 spell levels left.
You didn't know any spells.

Dungeon Overview and Level Annotations

Branches:
Dungeon (3/15)

Altars:

Annotations:
D:3 Natasha


Innate Abilities, Weirdness & Mutations

You are resistant to torment.
Your stone body is resilient. (AC +4)
You are immune to poison.
You resist negative energy. (rN+)
You are resistant to electric shocks. (rElec)
You can survive without breathing.
You are immune to petrification.
You are immune to rotting.


Message History

The killer bee stings you but does no damage.
You miss the killer bee.
The killer bee is lightly wounded.
The killer bee stings you but does no damage.
You block the killer bee's attack.
Natasha stares at you and mumbles some strange words.
The magic dart hits you!
* * * LOW HITPOINT WARNING * * *
You fade into invisibility!
You block the killer bee's attack. The killer bee stings you.
* * * LOW HITPOINT WARNING * * *
Natasha casts a spell at you. The magic dart hits you!
You are very lightly contaminated with residual magic.
You block the killer bee's attack.
You hear the slow rusting of a very distant drain.
The killer bee closely misses you. Natasha casts a spell at you.
The magic dart hits you!
You die...

### # ... . ..#.#
#.#.# ....
##############.###
####............@h..#
...#.############y#.#
...#.#........# #y#
..............# #y#
...#.###.###..###.#
...#.#..........yy#
####.#.#.......#..#
#.#........##..#
#.#............#


You could see 4 killer bees and Natasha.

Vanquished Creatures
  Sigmund (D:2)
  Terence (D:2)
  4 adders (D:2)
  An ooze (D:1)
  An adder zombie (D:1)
  A worm (D:2)
  2 dart slugs (D:2)
  2 leopard geckos
  A bat zombie (D:1)
  3 giant cockroaches
  4 goblins
  7 hobgoblins
  3 jackals (D:2)
  5 bats (D:2)
  3 frilled lizards
  6 kobolds (D:1)
  6 rats
51 creatures vanquished.

Notes
Turn   | Place    | Note
-------+----------+-------------------------------------------
     0 | D:1      | LORDOFBUTT the Gargoyle Fighter began the quest for the Orb.
     0 | D:1      | Reached XP level 1. HP: 14/14 MP: 1/1
    61 | D:1      | Reached XP level 2. HP: 19/19 MP: 2/2
   287 | D:1      | Reached XP level 3. HP: 22/23 MP: 3/3
   300 | D:1      | Reached skill level 4 in Shields
   969 | D:2      | Noticed Terence
  1014 | D:2      | Reached XP level 4. HP: 14/28 MP: 4/4
  1023 | D:2      | Killed Terence
  1399 | D:2      | Noticed Sigmund
  1434 | D:2      | Killed Sigmund
  1434 | D:2      | Reached skill level 5 in Shields
  1434 | D:2      | Reached XP level 5. HP: 9/32 MP: 5/5
  1434 | D:2      | Reached XP level 6. HP: 11/37 MP: 6/6
  2227 | D:3      | Noticed Natasha
  2232 | D:3      | Killed from afar by Natasha

Skill      XL: |  1  2  3  4 |
---------------+-------------+-----
Shields        | 4 5 |  5.8
Maces & Flails | 3 4 |  4.7
Fighting       | |  3.2
Armour         | |  3.2

Action                   |  1- 3 |  4- 6 || total
-------------------------+-------+-------++-------
Melee: Flail             |   139 |    99 ||   238
  Use: Potion            |     1 |     2 ||     3
       Scroll            |       |     1 ||     1
  Eat: Chunk             |       |     5 ||     5
Armor: Scale mail        |   112 |     3 ||   115
       Ring mail         |       |    53 ||    53
Dodge: Dodged            |    64 |    34 ||    98
Block: Shield            |   102 |    49 ||   151
